 Dungeon Crawl Stone Soup version 0.27-a0-1219-g958d993ae5 (webtiles) character file.

Game seed: 18290419650543281183

449 polve the Skirmisher (level 6, -8/51 HPs)
             Began as a Demonspawn Abyssal Knight on June 6, 2021.
             Was a Priest of Lugonu.
             Mangled by an ogre
             ... wielding a +0 giant club
              (20 damage)
             ... on level 4 of the Dungeon.
             The game lasted 00:04:27 (5082 turns).

polve the Skirmisher (Demonspawn Abyssal Knight)    Turns: 5082, Time: 00:04:28

Health: -8/51      AC: 16    Str: 12 (14) XL:     6   Next: 74%
Magic:  7/7        EV:  5    Int: 13 (14) God:    Lugonu [***...]
Gold:   202        SH: 11    Dex: 10 (12) Spells: 5/5 levels left

rFire    x . .     SeeInvis .   a - +1 short sword
rCold    + + .     Faith    .   g - +0 kite shield
rNeg     . . .     Spirit   .   c - +0 ice dragon scales
rPois    .         Reflect  +   (no helmet)
rElec    .         Harm     .   (no cloak)
rCorr    .         Rampage  .   (no gloves)
Will     .....                  (no boots)
Stlth    ..........             l - amulet of reflection
HPRegen  0.17/turn              (no ring)
MPRegen  0.10/turn              (no ring)

@: sanguine armoured
A: powered by death 2, sanguine armour 1
a: Renounce Religion, Depart the Abyss, Bend Space, Banish


You were on level 4 of the Dungeon.
You worshipped Lugonu.
Lugonu was most pleased with you.
You visited 1 branch of the dungeon, and saw 4 of its levels.
You visited the Abyss 1 time.

You collected 202 gold pieces.

Inventory:

Hand Weapons
 a - a +1 short sword (weapon)
Armour
 b - a +0 leather armour
 c - +0 ice dragon scales (worn)
 g - a +0 kite shield (worn)
 i - a +0 pair of gloves
Jewellery
 l - an amulet of reflection (around neck)
Scrolls
 d - 5 scrolls of identify {unknown}
 e - a scroll of immolation {unknown}
 f - a scroll of brand weapon {unknown}
 j - a scroll of enchant armour {unknown}
 k - 3 scrolls of fear {unknown}
 m - 3 scrolls of teleportation {unknown}
 n - a scroll of noise {unknown}


   Skills:
 + Level 5.1 Fighting
 - Level 4.0 Short Blades
 + Level 4.1 Armour
 - Level 0.8 Dodging
 - Level 2.4 Invocations


You had 5 spell levels left.
You didn't know any spells.
Your spell library was empty.

Dungeon Overview and Level Annotations

Branches:
Dungeon (4/15)
 Temple: D:4-7

Altars:
Cheibriados

Shops:
D:2 :


Innate Abilities, Weirdness & Mutations

You regenerate health from kills.
When seriously injured, your bleeding wounds create armour. (AC +6)


Message History

l - an amulet of reflection (around neck) Done exploring.
Done exploring.
You see here a +0 flail.
There is a stone staircase leading down here.
You climb downwards.
You block the ogre's attack.
There is a stone staircase leading up here.
Your ice dragon scales prevents you from hitting the ogre.
You block the ogre's attack.
You hit the ogre.
The ogre is lightly wounded.
The ogre hits you with a +0 giant club.
You barely miss the ogre.
The ogre is lightly wounded.
The ogre hits you with a +0 giant club!
Your blood congeals into armour.
You hit the ogre.
The ogre is lightly wounded.
The ogre barely misses you.
You hit the ogre.
The ogre is lightly wounded.
The ogre barely misses you.
You hit the ogre.
The ogre is moderately wounded.
The ogre hits you with a +0 giant club!
You barely miss the ogre.
The ogre is moderately wounded.
You block the ogre's attack.
You hit the ogre.
The ogre is heavily wounded.
The ogre closely misses you.
You hit the ogre.
The ogre is heavily wounded.
The ogre hits you with a +0 giant club!
* * * LOW HITPOINT WARNING * * *
You hit the ogre.
The ogre is severely wounded.
Your shield prevents you from hitting the ogre.
The ogre is severely wounded.
The ogre hits you with a +0 giant club!!
You die...

................#
................#
#......###......#
############......##
..#................#
...'...............†#####
...#....................#
.#..#......##.).....##...#
#...#......@###'###########
..#...#....O..............
#...#.....................
[#...#..................
...#.......##..)....##.
#...#.######.......#
#...#....g?..........#
..#...#..............## #
#...#.................# .#


You could see an ogre.

Vanquished Creatures
  A gnoll sergeant (D:3)
  A scorpion (D:3)
  2 orc priests (D:4)
  Jessica (D:2)
  Natasha (D:2)
  3 gnolls
  9 adders
  An adder skeleton (D:4)
  3 dart slugs
  4 orcs (D:3)
  8 ball pythons
  8 endoplasms
  5 giant cockroaches
  4 goblins
  5 hobgoblins
  9 jackals
  5 kobolds
  6 quokkas
  8 bats
  10 frilled lizards
  3 rats
97 creatures vanquished.

Notes
Turn   | Place    | Note
-------+----------+-------------------------------------------
     0 | Abyss:1  | polve the Demonspawn Abyssal Knight began the quest for the
                  | Orb.
     0 | Abyss:1  | Reached XP level 1. HP: 18/18 MP: 2/2
    44 | Abyss:1  | Noticed a ynoxinul
    45 | Abyss:1  | Noticed an earth elemental
    52 | Abyss:1  | Noticed a rakshasa
    54 | Abyss:1  | Noticed a thrashing horror
    58 | D:1      | Escaped the Abyss
   435 | D:1      | Reached * piety under Lugonu
   461 | D:1      | Gained mutation: You regenerate a little health from kills.
                  | [demonic ancestry]
   461 | D:1      | Reached XP level 2. HP: 20/24 MP: 3/3
   906 | D:1      | Gained mutation: You regenerate health from kills. [demonic
                  | ancestry]
   906 | D:1      | Reached XP level 3. HP: 29/29 MP: 4/4
  1275 | D:2      | Reached ** piety under Lugonu
  1433 | D:2      | Noticed Jessica
  1445 | D:2      | Killed Jessica
  1446 | D:2      | Reached XP level 4. HP: 28/35 MP: 5/5
  1685 | D:2      | Found Kuimmue's Book Shoppe.
  1774 | D:2      | Noticed Natasha
  1783 | D:2      | Killed Natasha
  1784 | D:2      | Gained mutation: When seriously injured, your bleeding
                  | wounds create armour. (AC +6) [demonic ancestry]
  1784 | D:2      | Reached XP level 5. HP: 35/41 MP: 6/6
  2086 | D:3      | Reached skill level 4 in Fighting
  3281 | D:4      | Found a snail-covered altar of Cheibriados.
  3342 | D:4      | Reached XP level 6. HP: 19/49 MP: 7/7
  3555 | D:4      | Reached *** piety under Lugonu
  4820 | D:3      | Reached skill level 5 in Fighting
  5082 | D:4      | Mangled by an ogre

Illustrated notes

Levels and vault maps discovered:
D:1:      scummos_arrival_star, layout_basic, minmay_misc_feat_four_crosses
D:2:      layout_basic, serial_shops, shop, st_stairs_9, uniq_jessica,
          uniq_natasha
D:3:      layout_basic
D:4:      layout_gridville, cheibriados_altar_1, hex_large,
          kennysheep_small_spiral

Skill      XL: |  1  2  3  4  5  6 |
---------------+-------------------+-----
Short Blades   | 2 3 4 |  4.0
Armour         | 2 3 4 |  4.1
Fighting       | 4 5 |  5.1
Dodging        | |  0.8
Invocations    | |  2.4

Action                   |  1- 3 |  4- 6 || total
-------------------------+-------+-------++-------
Melee: Short sword       |   177 |   363 ||   540
Invok: Depart the Abyss  |     1 |       ||     1
  Use: Potion            |       |     4 ||     4
Armor: Leather armour    |    18 |       ||    18
       Ice dragon scales |   110 |   207 ||   317
Dodge: Dodged            |   104 |   149 ||   253
Block: Kite shield       |       |     3 ||     3

Table legend: (Time is in decaauts)
 A = Elapsed time spent in this place.
 B = Non-inter-level travel time spent in this place.
 C = Inter-level travel time spent in this place.
 D = Time resting spent in this place.
 E = Time spent auto-exploring this place.
 F = Levels seen in this place.
 G = Mean time per level.
                   A        B        C        D        E       F      G
               +--------+--------+--------+--------+--------+-----+--------+
         Total |   5048 |   4894 |    154 |    117 |   3756 |   5 | 1009.6 |
       Dungeon |   4988 |   4834 |    154 |    117 |   3711 |   4 | 1247.0 |
         Abyss |     59 |     59 |      0 |      0 |     45 |   1 |   59.0 |
               +--------+--------+--------+--------+--------+-----+--------+

Top non-repeatable levels by time:
     D:3: 2500 daAuts
     D:1: 1208 daAuts
     D:2: 641 daAuts
     D:4: 638 daAuts
 Abyss:1: 59 daAuts
